 Dungeon Crawl Stone Soup version 0.17-a0-1596-g1e86911 (webtiles) character file.

137550 Inverted the Unseen (level 17, -1/95 HPs)
             Began as a Vine Stalker Assassin on July 30, 2015.
             Was a High Priest of Ru.
             Slain by a tentacle (2 damage)
             ... attached to a kraken
             ... on level 2 of the Shoals on July 31, 2015.
             The game lasted 02:50:36 (29765 turns).

Inverted the Unseen (Vine Stalker Assassin)        Turns: 29765, Time: 02:50:37

Health: -1/95      AC: 17    Str: 19    XL:     17   Next: 24%
Magic:  0/8        EV: 20    Int: 14    God:    Ru [*****.]
Gold:   1863       SH:  0    Dex: 22    Spells: 0 memorised, 16 levels left

rFire  . . .     SeeInvis +     a - +9 quick blade of Tenacity {antimagic, *Noise +Fly Str+4 Int+3}
rCold  + . .     Clarity  .     k - +3 troll leather armour "Inuseb" {rC+ Regen+}
rNeg   . . .     SustAt   .     (shield unavailable)
rPois  .         Gourm    .     H - +2 helmet {SInv}
rElec  .         Spirit   +     d - +0 cloak
rCorr  +         Warding  .     t - +2 pair of gloves {archery}
rMut   .         Stasis   .     R - +2 pair of boots
MR     ++...                    x - amulet of resist corrosion
Stlth  +++++++...               (no ring)
                                (ring unavailable)

@: lethally poisoned (-1 -> -1), drained, very resistant to hostile
enchantments, extremely stealthy
A: fangs 3, slimy green scales 1, deformed body, sense surroundings 1,
regeneration 3, magic shield, antimagic bite, no device heal 3, rot immunity,
missing a hand, inability to train armour, no air magic, no conjurations magic,
no hexes magic
a: Draw Out Power, Power Leap, Apocalypse, Renounce Religion, Evoke Flight


You were on level 2 of the Shoals.
You worshipped Ru.
Ru was extremely pleased with you.
You were not hungry.

You visited 5 branches of the dungeon, and saw 31 of its levels.
You visited the Abyss 1 time.
You visited 1 bazaar.
You also visited: Ice Cave.

You collected 3244 gold pieces.
You spent 1381 gold pieces at shops.

Inventory:

Hand weapons
 a - the +9 quick blade of Tenacity (weapon) {antimagic, *Noise +Fly Str+4 Int+3}
   (You acquired it on level 5 of the Lair of Beasts)

   It disrupts the flow of magical energy around spellcasters and certain
   magical creatures (including the wielder).
   It affects your strength (+4).
   It affects your intelligence (+3).
   It lets you fly.
   It may make noises in combat.
 b - a +8 blowgun
Missiles
 c - 6 tomahawks of dispersal
 e - 92 poisoned needles
 f - 9 curare-tipped needles
 i - 37 tomahawks
 u - 2 needles of paralysis
 F - 5 silver tomahawks
 J - 4 needles of frenzy
 P - 3 tomahawks of returning (quivered)
 Q - 2 needles of sleeping
 T - 3 needles of confusion
Armour
 d - a +0 cloak (worn)
 k - the +3 troll leather armour "Inuseb" (worn) {rC+ Regen+}
   (You bought it in a shop on level 2 of the Shoals)

   It protects you from cold.
   It increases your rate of regeneration.
 t - a +2 pair of gloves of archery (worn)
 H - a +2 helmet of see invisible (worn)
 R - a +2 pair of boots (worn)
Rods
 Y - a +3 rod of destruction (11/11)
   (You found it on level 2 of the Spider Nest)
Jewellery
 x - an amulet of resist corrosion (around neck)
 G - a +3 ring of protection
Magical devices
 w - a wand of digging (9)
 y - a wand of fireball (9)
 C - a wand of lightning (13)
 D - a wand of cold (10)
 N - a wand of digging (13)
Scrolls
 g - a scroll of brand weapon
 j - 2 scrolls of fog
 l - 16 scrolls of remove curse
 m - 3 scrolls of blinking
 o - 7 scrolls of enchant armour
 q - 7 scrolls of teleportation
 v - 7 scrolls of fear
 I - 2 scrolls of silence
 O - 7 scrolls of identify
 S - 3 scrolls of recharging
 U - a scroll of holy word
 Z - 2 scrolls of magic mapping
Potions
 h - 2 potions of haste
 n - a potion of magic
 p - 2 potions of resistance
 r - a potion of might
 B - 8 potions of curing
 K - 2 potions of agility
 M - 2 potions of cancellation
Comestibles
 z - 37 fruits
 A - 6 bread rations
 L - 4 meat rations


   Skills:
 - Level 13.3(13.1) Fighting
 - Level 10.1(10.0) Short Blades
 + Level 15.3(15.2) Throwing
 - Level 9.0(8.9) Dodging
 - Level 16.1(15.9) Stealth
 - Level 8.0(7.8) Evocations


You had 16 spell levels left.
You didn't know any spells.

Dungeon Overview and Level Annotations

Branches:
Dungeon (13/15)            Temple (0/1) D:6            Lair (8/8) D:8
 Shoals (2/4) Lair:5       Spider (4/4) Lair:5        Slime (0/6) Lair:7
    Orc (4/4) D:10            Elf (0/3) Orc:3        Vaults (0/5) D:13

Altars:
Cheibriados
Fedhas
Makhleb
Nemelex Xobeh
Ru
Vehumet
Xom
Yredelemnul
Zin

Shops:
Orc:3 ?   Orc:4 (%}[   Shoals:2 [


Innate Abilities, Weirdness & Mutations

You have razor-sharp teeth.
You regenerate.
When hurt, damage is shared between your health and your magic reserves.
Your bite disrupts and absorbs the magic of your enemies.
Potions and wands cannot restore your health.
You are immune to rotting.
You are missing a hand.
You cannot train Armour skill.
You cannot study or cast Air magic.
You cannot study or cast Conjurations magic.
You cannot study or cast Hexes magic.
You are partially covered in slimy green scales (AC +2).
Armour fits poorly on your strangely shaped body.
You passively map a small area around you.


Message History

You see here a stone.
You feel sick.
The merfolk hits you but does no damage.
The faun unwields an uncursed hunting sling.
The faun wields an uncursed spear.
The faun completely misses you.
You hit the faun but do no damage. Your bite misses the faun.
The faun is almost dead.
You puncture the faun!
You kill the faun!
You feel sick. The merfolk closely misses you.
The faun is stunned by your will and fails to attack.
Items here: ( )) † an uncursed spear; an uncursed hunting sling; 20 stones; a faun corpse You feel sick.
The merfolk hits you from afar with a vampiric trident!
* * * LOW HITPOINT WARNING * * *
The merfolk draws strength from your injuries!
The faun casts a spell at you. You resist with almost no effort.
The tentacle slaps you.
You die...

≈≈≈≈≈ ≈≈≈≈≈≈≈≈≈..≈≈....
≈≈≈≈≈≈ ≈≈X{≈≈≈≈≈≈......# ≈≈
≈≈≈≈≈≈ ≈w{{{≈...≈......# # ,
≈ ≈≈≈≈≈≈ ≈≈≈{{{....≈........
,, ≈≈≈≈≈≈≈≈
≈≈≈**≈*.≈.......... ≈
≈≈≈≈≈≈≈≈.≈≈≈.**.{).........
≈.≈≈≈≈≈≈..≈ #*wwm(# .. c
.≈≈≈≈≈≈≈≈..
*##w.c(###.#(.≈≈≈≈≈
.≈≈≈≈≈≈... ##P@).(.≈..(.≈≈
......... ,##.≈(P≈≈.≈≈.≈≈≈≈
≈≈....# #....%≈P≈≈≈≈≈≈≈≈ ≈
≈≈...P# ### ##...P≈..≈≈(≈≈≈≈
≈ ≈.....###P##
#.<≈≈≈≈≈≈≈≈≈≈≈≈ PP.##.##P.P#
#..≈P≈≈≈≈≈≈≈≈≈≈
PP≈.#......###P..≈PPP≈≈≈≈≈≈≈≈
≈≈
≈≈≈≈≈.PPP...P...≈P≈≈≈≈≈≈≈≈≈≈
≈ ≈≈≈≈≈≈P≈....##.PP≈≈≈≈≈≈≈ ≈≈


You could see a kraken, a merfolk, a faun and 4 tentacles.

Vanquished Creatures
  Arachne (Spider:4)
  A kraken (Shoals:1)
  A frost giant (IceCv)
  Louise (Spider:4)
  4 emperor scorpions
  An orc warlord (Orc:4)
  3 dire elephants
  2 vault guards (D:13)
  2 merfolk impalers
  Josephine (Lair:6)
  2 entropy weavers
  A catoblepas (Lair:8)
  4 hydras
  A centaur warrior (D:10)
  9 death yaks
  A tengu warrior (D:13)
  4 ogre magi (Orc:4)
  A deep troll shaman (Lair:8)
  2 orc high priests
  Nergalle (Lair:3)
  3 skeletal warriors (D:12)
  An ice statue (IceCv)
  5 sea snakes (Shoals:2)
  Pikel (D:7)
  2 hill giants
  An oklob plant (Lair:3)
  6 griffons
  9 harpies
  2 necromancers (D:13)
  3 manticores
  2 moths of wrath (Spider:1)
  2 wizards (D:13)
  7 orb spiders
  2 cyclopes (D:11)
  An orc sorcerer (Orc:4)
  3 ugly things
  The ghost of Xiguana the Basher, an experienced GrBe of Trog (D:5)
  15 wolf spiders
  11 fauns
  The ghost of Xiguana the Frost Mage, an experienced DEIE of Vehumet (D:7)
  3 hornets
  A water nymph (Shoals:2)
  The ghost of cmdexe the Chopper, an experienced HOFi (D:3)
  4 elephants (Lair:8)
  6 black mambas
  6 sirens
  A gargoyle (D:11)
  A torpor snail (Lair:4)
  13 spiny frogs
  A centaur skeleton (D:10)
  6 komodo dragons
  12 demonic crawlers
  3 trolls
  14 merfolk
  24 polar bears
  A fire drake (Lair:7)
  15 jumping spiders
  15 two-headed ogres (Orc:4)
  5 slime creatures (D:13)
  A boulder beetle (Lair:8)
  4 wraiths (Lair:6)
  2 snapping turtles (Shoals:1)
  2 wyverns
  24 redbacks
  13 tarantellas
  13 trapdoor spiders
  4 hippogriffs
  3 deep elf magi
  2 hungry ghosts
  50 yaks
  2 basilisks
  19 humans (D:13)
  23 wolves
  3 wargs
  10 porcupines
  9 water moccasins
  A slave (D:7)
  A wasp (Spider:4)
  3 sky beasts
  26 spiders
  17 orc warriors
  4 black bears
  4 centaurs
  2 phantoms
  6 necrophages (Lair:6)
  26 ogres
  14 crocodiles
  A brain worm (Lair:6)
  A big kobold (D:12)
  14 giant frogs
  A wyvern zombie (D:9)
  3 scorpions
  9 wights
  18 killer bees
  A quasit (D:10)
  3 electric eels (Lair:7)
  2 giant frog zombies (D:7)
  4 hounds
  2 jellies
  12 crimson imps
  Crazy Yiuf (D:2)
  3 giant frog skeletons
  24 orc priests
  Jessica (D:2)
  Terence (D:2)
  A gnoll shaman (D:9)
  31 orc wizards
  Natasha (twice) (D:2)
  8 iguanas
  13 sheep (Lair:1)
  6 worker ants
  A hound skeleton (D:4)
  Robin (D:2)
  10 adders
  7 gnolls
  64 river rats
  A shadow imp (D:7)
  14 white imps (D:11)
  An ooze (D:2)
  An adder skeleton (D:8)
  2 adder zombies (D:5)
  3 worms
  7 giant geckos
  179 orcs
  5 giant cockroaches
  9 hobgoblins
  9 jackals
  18 kobolds
  5 quokkas
  2 ball pythons
  12 bats
  A giant cockroach zombie (D:5)
  A giant gecko skeleton (D:5)
  4 giant newts
  14 goblins
  A quokka zombie (D:5)
  9 rats
  6 fungi
  4 plants
  3 tentacles (Shoals:1)
1097 creatures vanquished.

Vanquished Creatures (collateral kills)
  3 wolves (Lair:5)
3 creatures vanquished.

Vanquished Creatures (others)
  A hydra (Lair:6)
  A merfolk (Shoals:2)
  2 yaks (IceCv)
  A redback (Spider:4)
  A wolf (Lair:1)
  A slave (D:7)
  An orc (Orc:2)
  2 fungi
  4 plants
  92 tentacles
  1585 tentacle segments
  12 toadstools (Lair:7)
1703 creatures vanquished.

Grand Total: 2803 creatures vanquished

Notes
Turn   | Place    | Note
--------------------------------------------------------------
     0 | D:1      | Inverted the Vine Stalker Assassin began the quest for the Orb.
     0 | D:1      | Reached XP level 1. HP: 11/11 MP: 2/2
   102 | D:1      | Reached XP level 2. HP: 15/15 MP: 3/3
   311 | D:1      | Reached XP level 3. HP: 13/18 MP: 4/4
   858 | D:2      | Noticed Robin
   898 | D:2      | Killed Robin
   955 | D:2      | Noticed Jessica
   961 | D:2      | Killed Jessica
   961 | D:2      | Reached XP level 4. HP: 12/23 MP: 3/5
  1024 | D:2      | Found a shimmering altar of Xom.
  1133 | D:2      | Reached skill level 1 in Dodging
  1289 | D:2      | Noticed Natasha
  1293 | D:2      | Killed Natasha
  1293 | D:2      | Reached XP level 5. HP: 26/26 MP: 6/6
  1325 | D:2      | Noticed Terence
  1349 | D:2      | Killed Terence
  1527 | D:2      | Noticed Crazy Yiuf
  1554 | D:2      | Killed Crazy Yiuf
  1554 | D:2      | Reached skill level 5 in Short Blades
  1554 | D:2      | Gained mutation: You heal very quickly. [Vine Stalker growth]
  1554 | D:2      | Reached XP level 6. HP: 26/30 MP: 5/7
  1765 | D:2      | Noticed Natasha
  1773 | D:2      | Killed Natasha
  1893 | D:3      | Noticed cmdexe's ghost (experienced HOFi)
  2032 | D:3      | Found a faded altar to an unknown god.
  2119 | D:3      | Became a worshipper of Ru the Awakened
  2121 | D:3      | Gained mutation: You cannot study or cast Air magic. [Ru sacrifice]
  2121 | D:3      | Gained mutation: You cannot study or cast Hexes magic. [Ru sacrifice]
  2121 | D:3      | Gained mutation: You cannot study or cast Conjurations magic. [Ru sacrifice]
  2121 | D:3      | Acquired Ru's first power
  2953 | D:4      | Reached XP level 7. HP: 35/35 MP: 8/8
  3011 | D:4      | Reached skill level 6 in Short Blades
  3450 | D:5      | Entered Level 5 of the Dungeon
  3584 | D:5      | Gained mutation: You cannot train Armour skill. [Ru sacrifice]
  3584 | D:5      | Acquired Ru's second power
  3655 | D:5      | Noticed Xiguana's ghost (experienced GrBe)
  3685 | D:6      | Gained mutation: You have razor-sharp teeth. [Vine Stalker growth]
  3685 | D:6      | Reached XP level 8. HP: 42/42 MP: 9/9
  3719 | D:5      | Killed Xiguana's ghost
  3719 | D:5      | Reached skill level 5 in Fighting
  3719 | D:5      | Reached skill level 7 in Short Blades
  3816 | D:5      | Found a snail-covered altar of Cheibriados.
  3957 | D:3      | Killed cmdexe's ghost
  3992 | D:3      | Found a blossoming altar of Fedhas.
  3995 | D:3      | Found a radiant altar of Vehumet.
  4176 | D:5      | Found a basalt altar of Yredelemnul.
  4248 | D:5      | Reached XP level 9. HP: 44/47 MP: 8/10
  4308 | D:5      | Found a sparkling altar of Nemelex Xobeh.
  4649 | D:6      | Found a staircase to the Ecumenical Temple.
  5031 | D:6      | Gained mutation: You are missing a hand. [Ru sacrifice]
  5031 | D:6      | Acquired Ru's third power
  5031 | D:6      | Acquired Ru's fourth power
  5031 | D:6      | Acquired Ru's fifth power
  5169 | D:6      | Reached skill level 8 in Short Blades
  5728 | D:7      | Noticed Pikel
  5746 | D:7      | Killed Pikel
  5790 | D:7      | Reached skill level 5 in Stealth
  6231 | D:7      | Noticed Xiguana's ghost (experienced DEIE)
  6295 | D:7      | Killed Xiguana's ghost
  6295 | D:7      | Reached skill level 9 in Short Blades
  6295 | D:7      | Reached XP level 10. HP: 20/53 MP: 5/11
  6489 | D:7      | Reached skill level 5 in Dodging
  6835 | D:8      | Found a snail-covered altar of Cheibriados.
  6835 | D:8      | Found a glowing silver altar of Zin.
  6835 | D:8      | Found a burning altar of Makhleb.
  6909 | D:8      | Found a staircase to the Lair.
  6984 | D:8      | Reached skill level 5 in Throwing
  7759 | Lair:1   | Entered Level 1 of the Lair of Beasts
  7840 | Lair:1   | Got a translucent leather armour
  7851 | Lair:1   | Identified the +2 leather armour of Leriuqol {rPois Regen+ Str+3 Int-2} (You found it on level 1 of the Lair of Beasts)
  8082 | Lair:1   | Noticed a six-headed hydra
  8103 | Lair:1   | Killed a six-headed hydra
  8103 | Lair:1   | Reached XP level 11. HP: 14/58 MP: 8/12
  9578 | Lair:2   | Noticed a four-headed hydra
  9581 | Lair:2   | Killed a four-headed hydra
  9771 | Lair:3   | Noticed Nergalle
  9788 | Lair:3   | Killed Nergalle
  9788 | Lair:3   | Reached skill level 10 in Short Blades
 10367 | Lair:3   | Found a blossoming altar of Fedhas.
 10959 | Lair:4   | Gained mutation: You regenerate. [Vine Stalker growth]
 10959 | Lair:4   | Reached XP level 12. HP: 37/64 MP: 11/13
 11067 | Lair:4   | Reached skill level 10 in Stealth
 11755 | Lair:5   | Identified The Arcane Arts, Part Four
 11813 | Lair:5   | Identified a scroll of acquirement
 11814 | Lair:5   | Got an ivory quick blade
 11815 | Lair:5   | Identified the +9 quick blade of Tenacity {antimagic, *Noise +Fly Str+4 Int+3} (You acquired it on level 5 of the Lair of Beasts)
 11859 | Lair:5   | Reached skill level 11 in Stealth
 11947 | Lair:5   | Found a staircase to the Shoals.
 12302 | Lair:5   | Found a hole to the Spider Nest.
 12321 | Lair:5   | Reached skill level 12 in Stealth
 12339 | Lair:5   | Noticed a six-headed hydra
 12351 | Lair:5   | Killed a six-headed hydra
 12501 | Lair:6   | Noticed Josephine
 12520 | Lair:6   | Killed Josephine
 12627 | Lair:6   | Noticed a death yak
 12627 | Lair:6   | Noticed a death yak
 12627 | Lair:6   | Noticed a death yak
 12627 | Lair:6   | Noticed a death yak
 12658 | Lair:6   | Killed a death yak
 13464 | D:9      | Reached skill level 5 in Evocations
 13715 | D:9      | Found a blossoming altar of Fedhas.
 13806 | D:10     | Entered Level 10 of the Dungeon
 13982 | D:10     | Noticed a centaur warrior
 13995 | D:10     | Killed a centaur warrior
 14038 | D:10     | Reached XP level 13. HP: 68/68 MP: 5/17
 14279 | D:10     | Gained mutation: You passively map a small area around you. [potion of beneficial mutation]
 14280 | D:10     | Gained mutation: You are partially covered in slimy green scales (AC +2). [potion of beneficial mutation]
 14595 | D:10     | Found a staircase to the Orcish Mines.
 14604 | Orc:1    | Entered Level 1 of the Orcish Mines
 15367 | Orc:3    | Found a staircase to the Elven Halls.
 15441 | Orc:3    | Found Ryiguyps's Magic Scroll Emporium.
 15452 | Orc:3    | Bought a scroll of identify for 28 gold pieces
 15452 | Orc:3    | Bought a scroll of identify for 28 gold pieces
 15452 | Orc:3    | Bought a scroll of enchant weapon for 105 gold pieces
 16480 | D:11     | Found a frozen archway.
 16522 | IceCv    | Entered an ice cave
 17017 | IceCv    | Noticed a frost giant
 17043 | IceCv    | Killed a frost giant
 17096 | IceCv    | Identified the Catalogue of the Damaging Glacier
 17327 | D:11     | Reached skill level 10 in Fighting
 18511 | D:12     | Reached XP level 14. HP: 71/77 MP: 7/21
 18624 | D:12     | Reached skill level 10 in Throwing
 19109 | D:13     | Got a warped robe
 19128 | D:13     | Identified the +1 robe of the Villain {*Contam rC+ MR+} (You found it on level 13 of the Dungeon)
 19137 | D:13     | Gained mutation: Armour fits poorly on your strangely shaped body. [mutagenic glow]
 19416 | D:13     | Cast into the Abyss (a wizard)
 19464 | D:13     | Escaped the Abyss
 19513 | D:13     | Found a gate to the Vaults.
 19538 | D:13     | Got a heavily runed helmet
 19549 | D:13     | Identified the +2 helmet of Ovateocs {MR- Dex+3 SInv} (You found it on level 13 of the Dungeon)
 20368 | Lair:6   | Noticed a death yak
 20390 | Lair:6   | Killed a death yak
 20395 | Lair:6   | Killed a death yak
 20400 | Lair:6   | Killed a death yak
 20408 | Lair:6   | Killed a death yak
 20579 | Lair:6   | Noticed a four-headed hydra
 20585 | Lair:6   | Killed a four-headed hydra
 21305 | Lair:7   | Found a staircase to the Slime Pits.
 21431 | Lair:7   | Got a pitted leather armour
 21433 | Lair:7   | Identified the +3 leather armour of Healeive {rN++ MR+ Str-4} (You found it on level 7 of the Lair of Beasts)
 21839 | Lair:8   | Entered Level 8 of the Lair of Beasts
 21985 | Lair:8   | Reached XP level 15. HP: 66/81 MP: 7/22
 23040 | Lair:8   | Got a vibrating silver ring
 23041 | Lair:8   | Identified the ring "Seyhaif" {Fire Str-4 Int+2 Dex+2 Slay+5} (You found it on level 8 of the Lair of Beasts)
 23490 | Orc:4    | Entered Level 4 of the Orcish Mines
 23577 | Orc:4    | Paralysed by an orc sorcerer for 6 turns
 24067 | Orc:4    | Found Ammos's Gadget Emporium.
 24067 | Orc:4    | Found Vokice's Armour Shop.
 24068 | Orc:4    | Found Cuoliri's Food Emporium.
 24068 | Orc:4    | Found Velaim's Antique Weapon Boutique.
 24107 | Orc:4    | Reached skill level 13 in Throwing
 24244 | Orc:4    | Bought a +1 helmet of see invisible for 247 gold pieces
 24959 | Spider:1 | Entered Level 1 of the Spider Nest
 25300 | Spider:1 | Reached skill level 14 in Throwing
 25421 | Spider:1 | Reached XP level 16. HP: 79/88 MP: 7/23
 25904 | Spider:2 | Identified a +3 rod of destruction (11/11) (You found it on level 2 of the Spider Nest)
 27357 | Spider:4 | Entered Level 4 of the Spider Nest
 27374 | Spider:4 | Noticed Arachne
 27392 | Spider:4 | Killed Arachne
 27392 | Spider:4 | Reached skill level 15 in Stealth
 27635 | Spider:4 | Noticed Louise
 27649 | Spider:4 | Killed Louise
 27989 | Shoals:1 | Entered Level 1 of the Shoals
 28222 | Shoals:1 | Found a flickering gateway to a bazaar.
 28222 | Shoals:1 | Noticed a kraken
 28240 | Bazaar   | Entered a bazaar
 28253 | Bazaar   | Found Nakh's Jewellery Emporium.
 28253 | Bazaar   | Found Sipn's Antique Weapon Emporium.
 28289 | Bazaar   | Found Zagirrox's Assorted Antiques.
 28289 | Bazaar   | Found Qiunonuh's Jewellery Shoppe.
 28528 | Shoals:1 | Killed a kraken
 28528 | Shoals:1 | Reached skill level 16 in Stealth
 28908 | Shoals:1 | Noticed a kraken
 29131 | Shoals:2 | Found Ikhit's Antique Armour Shoppe.
 29158 | Shoals:2 | Bought a faintly glowing helmet for 313 gold pieces
 29158 | Shoals:2 | Bought a diamond-studded troll leather armour for 660 gold pieces
 29198 | Shoals:2 | Identified the +3 troll leather armour "Inuseb" {rC+ Regen+} (You bought it in a shop on level 2 of the Shoals)
 29208 | Shoals:2 | Identified the cursed +0 helmet "Roudaosija" {*Drain rF- MP+9 Str+8} (You bought it in a shop on level 2 of the Shoals)
 29253 | Shoals:2 | Reached XP level 17. HP: 79/95 MP: 8/24
 29422 | Shoals:2 | Reached skill level 15 in Throwing
 29765 | Shoals:2 | HP: 1/95 [merfolk/vampiric trident (10)]
 29765 | Shoals:2 | Slain by a tentacle

Vault maps used:
D:1:      dpeg_arrival_long_road, st_stairs_11, fountainhead
D:2:      lemuel_round_altar, uniq_crazy_yiuf_cottage, uniq_natasha,
          uniq_terence, uniq_jessica, uniq_robin
D:3:      gammafunk_temple_overflow_statue, ecumenical_altar_1
D:4:      first_bread, dk_noncrumbling_4, minmay_gold_behind_fungi,
          serial_park_tiny_2, kennysheep_generic_room_3
D:5:      kennysheep_mini_moat, basic_altar, minivault_19, cheibriados_altar_1
D:6:      minmay_temple_entry_statues_pillars
D:7:      kennysheep_generic_room_8, uniq_pikel
D:8:      minitemple, dpeg_oklobed_lair
D:9:      hangedman_tree_tricks
D:10:     hiddenorc1_lemuel
D:11:     portal_ice_cave_entry_imps, minmay_nine_imps
D:13:     grunt_vaults_entry_tiered
Lair:1:   serial_bayou_shore_a
Lair:3:   tgw_fedhas, lemuel_fruit_fields, serial_bayou_shore_b, uniq_nergalle
Lair:4:   infiniplex_staircase_pool_2, grunt_megastairs_2
Lair:5:   shoals_dummy_entry, spider_nest_entry_funnel_web
Lair:6:   roderic_carrion_pond, lemuel_fruit_tree, uniq_josephine
Lair:7:   gammafunk_lair_enchanted_lake, slime_dummy,
          grunt_forest_large_clearing_hut
Lair:8:   grunt_lair_end_beastmaster
Shoals:1: serial_shops, bzr_entry_customers,
          nicolae_shoals_stone_sculpture_thing
Shoals:2: nicolae_shoals_c_island
Spider:1: lemuel_spider_zombies
Spider:2: nicolae_trapdoor_corridor
Spider:4: guppyfry_spider_rune, uniq_arachne, uniq_louise
Orc:3:    serial_shops, nicolae_shop_competitors_out_of_business,
          nicolae_orc_pool_cavern
Orc:4:    st_orc_ogre_mass
Bazaar:   grunt_bazaar_doublecross
IceCv:    ice_cave_caverns_03

Action                   |  1- 3 |  4- 6 |  7- 9 | 10-12 | 13-15 | 16-18 || total
-------------------------+-------+-------+-------+-------+-------+-------++-------
Melee: Dagger            |    99 |   114 |       |       |       |       ||   213
       Short sword       |       |    62 |   316 |   613 |       |       ||   991
       Quick blade       |       |       |       |   239 |  2033 |   691 ||  2963
 Fire: Blowgun           |       |     6 |    33 |    66 |    76 |   181 ||   362
Throw: Tomahawk          |     6 |    15 |     7 |    12 |    11 |    48 ||    99
Invok: Sacrifice Arcana  |       |     1 |       |       |       |       ||     1
       Sacrifice Durabil |       |       |     1 |       |       |       ||     1
       Sacrifice a Hand  |       |       |     1 |       |       |       ||     1
       Apocalypse        |       |       |       |     2 |       |     1 ||     3
       Reject Sacrifices |       |       |       |     1 |     1 |       ||     2
       Power Leap        |       |       |       |     1 |       |       ||     1
Evoke: Wand              |       |       |     4 |     5 |     4 |       ||    13
  Use: Potion            |       |     1 |     6 |     1 |     8 |     1 ||    17
       Scroll            |       |       |     6 |    21 |    15 |     7 ||    49
 Stab: Sleeping          |     4 |     9 |    12 |    34 |    37 |    22 ||   118
       Distracted        |       |       |     2 |     6 |    18 |     9 ||    35
       Confused          |       |       |     7 |     3 |     1 |     6 ||    17
       Invisible         |       |       |     1 |     9 |    16 |    10 ||    36
       Paralysed         |       |       |       |     2 |     2 |     3 ||     7
       Fleeing           |       |       |       |     1 |     2 |       ||     3
  Eat: Chunk             |       |     3 |     8 |     4 |    23 |     2 ||    40
       Bread ration      |       |     1 |       |     2 |     1 |       ||     4
       Fruit             |       |       |     1 |     3 |       |       ||     4
       Beef jerky        |       |       |     1 |     1 |     1 |     2 ||     5
       Meat ration       |       |       |       |     1 |     2 |     1 ||     4
       Royal jelly       |       |       |       |     1 |     1 |       ||     2
       Pizza             |       |       |       |       |       |     1 ||     1
